 Dungeon Crawl Stone Soup version 0.28-b1-25-g9875b3fc8c (webtiles) character file.

Game seed: 16043931361124748691

25 crazypyro the Skirmisher (level 2, -1/24 HPs)
             Began as a Demonspawn Fighter on Feb 1, 2022.
             Slain by a goblin (4 damage)
             ... on level 1 of the Dungeon.
             The game lasted 00:01:13 (1622 turns).

crazypyro the Skirmisher (Demonspawn Fighter)       Turns: 1622, Time: 00:01:13

Health: -1/24      AC:  6    Str: 16    XL:     2   Next: 82%
Magic:  2/2        EV:  6    Int:  9    God:
Gold:   60         SH:  4    Dex: 12    Spells: 1/1 levels left

rFire   . . .      SeeInvis .   a - +0 long sword
rCold   . . .      Faith    .   c - +0 buckler
rNeg    . . .      Spirit   .   b - +0 scale mail
rPois   .          Reflect  .   (no helmet)
rElec   .          Harm     .   (no cloak)
rCorr   .          Rampage  .   (no gloves)
Will    .....                   (no boots)
Stlth   ..........              (no amulet)
HPRegen 0.08/turn               (no ring)
MPRegen 0.08/turn               (no ring)

@: lethally poisoned (-1 -> -5), constricted
A: demonic magic 1
a: no special abilities


You were on level 1 of the Dungeon.
You visited 1 branch of the dungeon, and saw 2 of its levels.

You collected 60 gold pieces.

Inventory:

Hand Weapons
 a - a +0 long sword (weapon)
Armour
 b - a +0 scale mail (worn)
 c - a +0 buckler (worn)
Scrolls
 e - a scroll of noise {unknown}
 f - a scroll of enchant armour {unknown}
 j - 3 scrolls of blinking {unknown}
 k - a scroll of teleportation {unknown}
Potions
 d - a potion of might
 g - 2 potions of curing {unknown}
 h - a potion of invisibility {unknown}
 i - a potion of berserk rage {unknown}
 l - a potion of magic {unknown}


   Skills:
 - Level 3.0 Fighting
 * Level 2.7 Long Blades
 - Level 2.6 Armour
 + Level 1.1 Dodging
 - Level 2.6 Shields


You had one spell level left.
You didn't know any spells.
Your spell library was empty.

Dungeon Overview and Level Annotations

Branches:
Dungeon (2/15)

Altars:


Innate Abilities, Weirdness & Mutations

Spells you cast may paralyse adjacent enemies.


Message History

The adder bites you but does no damage. The goblin hits you but does no damage.
You barely miss the adder. The ball python closely misses you.
The ball python grabs you. The ball python constricts you.
The adder bites you but does no damage. The goblin hits you but does no damage.
The ball python bites you but does no damage.
The ball python constricts you. The adder bites you but does no damage.
You barely miss the adder. The ball python bites you.
The ball python constricts you. The goblin barely misses you.
The adder bites you but does no damage. The ball python closely misses you.
The ball python constricts you. You block the goblin's attack.
You barely miss the adder. The adder bites you but does no damage.
The ball python bites you but does no damage.
The ball python constricts you. The adder bites you but does no damage.
The goblin hits you but does no damage.
You slash the adder!
The adder is almost dead.
The ball python bites you but does no damage.
The ball python constricts you. The adder barely misses you.
The goblin hits you with a +0 club.
The ball python bites you but does no damage.
The ball python constricts you. You block the adder's attack.
You closely miss the adder.
The adder is severely wounded.
The adder bites you but does no damage.
The ball python bites you but does no damage.
The ball python constricts you. The goblin barely misses you.
The adder bites you.
You are poisoned.
The adder poisons you!
You closely miss the adder.
The adder is severely wounded.
* * * LOW HITPOINT WARNING * * *
You feel sick. The ball python barely misses you.
The ball python constricts you. The goblin hits you with a +0 club.
* * * LOW HITPOINT WARNING * * *
The adder bites you.
* * * LOW HITPOINT WARNING * * *
The ball python bites you but does no damage.
The ball python constricts you. The goblin hits you with a +0 club.
You die...

#.#.#..#..# ###≈≈≈≈P≈≈≈.
##.#'#..#..# ##..≈P≈≈≈P≈..
#..........# #...P.≈≈≈≈P.≈
#..........## #....≈≈≈≈≈P≈≈
#...........###.......≈≈≈≈≈
#....................≈≈≈≈PP
##.....##..######....≈≈≈≈≈≈
#.....+#.S...........≈≈≈≈≈
##.....###@S..........P≈≈≈≈
#.........g.#.#.......≈≈≈≈≈
##.....####.#.##.......≈≈≈≈
#......[......##.......P≈≈≈
#.#########.####........≈≈≈
#.#.........# #.......≈≈≈≈
#.#.###.....####........≈≈≈
#.#.###.....#......####..≈≈
#.#.#.......#.###.......P.≈


You could see an adder, a goblin and a ball python.

Vanquished Creatures
  8 endoplasms (D:1)
  4 goblins (D:1)
  2 quokkas (D:1)
  2 ball pythons (D:1)
  3 frilled lizards (D:1)
  2 rats (D:1)
21 creatures vanquished.

Notes
Turn   | Place    | Note
-------+----------+-------------------------------------------
     0 | D:1      | crazypyro the Demonspawn Fighter began the quest for the
                  | Orb.
     0 | D:1      | Reached XP level 1. HP: 18/18 MP: 1/1
   478 | D:1      | Gained mutation: Spells you cast may paralyse adjacent
                  | enemies. [demonic ancestry]
   478 | D:1      | Reached XP level 2. HP: 21/24 MP: 2/2
  1012 | D:1      | Reached skill level 1 in Dodging
  1622 | D:1      | Slain by a goblin

Illustrated notes

Levels and vault maps discovered:
D:1:      amcnicky_arrival_gap_in_the_tavern_cellar, layout_basic,
          chequers_big_river, minmay_crystal_room
D:2:      layout_loops_ring

Skill      XL: |  1  2 |
---------------+-------+-----
Long Blades    | 2 |  2.7
Dodging        | 1 |  1.1
Fighting       | |  3.0
Armour         | |  2.6
Shields        | |  2.6

Action                   || total
-------------------------++-------
Melee: Long sword        ||    76
Armor: Scale mail        ||    44
Dodge: Dodged            ||    45
Block: Buckler           ||    13
